 Dungeon Crawl Stone Soup version 0.31-a0-544-gceb718ecc6 (webtiles) character file.

Game seed: 1744719046048953791

1267 Hubris850 the Ruffian (level 8, -9/48 HPs)
             Began as an Octopode Shapeshifter on Aug 15, 2023.
             Was a Follower of Elyvilon.
             Mangled by a gnoll
             ... wielding a +0 flail
              (13 damage)
             ... on level 5 of the Dungeon.
             The game lasted 00:17:12 (4334 turns).

Hubris850 the Ruffian (Octopode Shapeshifter)       Turns: 4334, Time: 00:17:13

Health: -9/48      AC:  1    Str: 14    XL:     8   Next: 53%
Magic:  8/8        EV: 13    Int: 13    God:    Elyvilon [*.....]
Gold:   256        SH:  0    Dex: 12    Spells: 7/7 levels left

rFire   . .          .
                       - Unarmed
rCold   . . .        (shield currently unavailable)
rNeg    . . .        (helmet restricted)
rPois   .            j - amulet of faith
rElec   .            (no ring)
rCorr   .            (no ring)
SInv    .            (no ring)
Will    .....        (no ring)
Stlth   +            (no ring)
HPRegen 0.28/turn    (no ring)
MPRegen 0.11/turn    (no ring)
                     (no ring)

%: faith
@: flux-form, glowing
A: glow, contaminating, almost no armour, amphibious, 8 rings, camouflage 1,
gelatinous body 1, (nimble swimmer 1), tentacles
a: Begin Untransformation, Renounce Religion, Purification


You were on level 5 of the Dungeon.
You worshipped Elyvilon.
Elyvilon was aware of your devotion.
You were something dangerously unstable.
You visited 1 branch of the dungeon, and saw 6 of its levels.

You collected 256 gold pieces.

Inventory:

Hand Weapons
 f - a +2 dagger of speed
 h - a +2 quarterstaff of chaos
 p - a +2 dagger of venom
Missiles
 e - 5 poisoned darts (quivered)
Jewellery
 j - an amulet of faith (around mantle)
Talismans
 b - a beast talisman
 c - a flux talisman (active)
 l - a maw talisman
 q - a dragon-blood talisman
Scrolls
 g - a scroll of amnesia
 k - a scroll of revelation
 n - a scroll of blinking
 r - 4 scrolls of teleportation
 s - 2 scrolls of identify
Potions
 a - a potion of lignification
 d - a potion of enlightenment
 i - 2 potions of attraction
 m - a potion of curing
 o - a potion of mutation
 t - a potion of haste {unknown}


   Skills:
 - Level 1.0 Fighting
 - Level 2.0 Short Blades
 - Level 3.0 Dodging
 - Level 7.0 Unarmed Combat
 + Level 6.6 Shapeshifting


You had 7 spell levels left.
You didn't know any spells.
Your spell library contained the following spells:

 Spells                   Type           Power      Damage    Failure   Level
 Apportation              Tloc           0%         N/A       30%         1
 Kiss of Death            Conj/Necr      0%         2d5       30%         1
 Magic Dart               Conj           0%         1d3       30%         1
 Necrotise                Necr           0%         1d4       30%         1
 Slow                     Hex            0%         N/A       30%         1
 Sting                    Tmut/Pois      0%         1d3       30%         1
 Summon Small Mammal      Summ           0%         N/A       30%         1
 Blink                    Tloc           0%         N/A       43%         2
 Call Imp                 Summ           0%         N/A       43%         2
 Poisonous Vapours        Pois/Air       0%         N/A       43%         2
 Confusing Touch          Hex            0%         N/A       67%         3
 Mephitic Cloud           Conj/Pois/Air  0%         N/A       67%         3
 Vampiric Draining        Necr           0%         2d6       67%         3
 Dispel Undead            Necr           0%         3d6       97%         4
 Manifold Assault         Tloc           0%         N/A       97%         4
 Olgreb's Toxic Radiance  Pois           0%         N/A       97%         4
 Alistair's Intoxication  Tmut/Pois      0%         N/A       100%        5


Dungeon Overview and Level Annotations

Branches:
Dungeon (6/15)             Temple (0/1) D:5

Altars:
Elyvilon
Hepliaklqana
The Shining One


Innate Abilities, Weirdness & Mutations

You are something dangerously unstable.
You glow with magical radiation, making you easy to see and hit.
Foes you strike become dangerously contaminated with magical radiation.
You are incapable of wielding weapons or throwing items.
You cannot wear most types of armour.
You are amphibious.
You can wear up to eight rings at the same time.
Your skin changes colour to match your surroundings (Stealth+).
Your rubbery body absorbs attacks. (AC +1, EV +1)
((You are camouflaged when in or above water. (Stealth+)))
You have tentacles for arms and can constrict up to eight enemies at once.


Message History

The black bear barely misses you.
You tentacle-slap the black bear.
The black bear glows dangerously bright.
You squeeze the black bear.
The black bear is heavily wounded.
You constrict the black bear. The black bear bites you.
The black bear closely misses you. The black bear claws you.
You tentacle-slap the black bear.
The black bear shudders as magic cascades through it!!
You kill the black bear!
No target in view!
You climb downwards.
The gnoll hits you with a +1 heavy flail!!
The gnoll hits you with a +0 flail!
* * * LOW HITPOINT WARNING * * *
There is a stone staircase leading up, spattered with blood here.
You barely miss the gnoll. Your grab misses the gnoll. You squeeze the gnoll.
The gnoll is moderately wounded.
The gnoll hits you with a +1 heavy flail.
* * * LOW HITPOINT WARNING * * *
You closely miss the gnoll. You grab the gnoll.
You squeeze the gnoll, but do no damage.
The gnoll is moderately wounded.
You constrict the gnoll, but do no damage.
The gnoll completely misses you.
A gnoll comes into view. It is wielding a +0 flail.
A gnoll comes into view.
It is wielding a +2 flail of holy wrath.
The gnoll shouts!
You tentacle-slap the gnoll.
The gnoll begins to glow.
You squeeze the gnoll.
You kill the gnoll!
The gnoll hits you with a +0 flail! Elyvilon protects you from harm!
The gnoll hits you with a +0 flail.
* * * LOW HITPOINT WARNING * * *
You climb upwards.
There is a stone staircase leading down, spattered with blood here.
You tentacle-slap the gnoll.
The gnoll begins to glow.
You grab the gnoll.
The gnoll is moderately wounded.
You constrict the gnoll. The gnoll hits you with a +0 flail!
You die...

###....###.###.#...# #.#
#.#### #.....#...# #.#
#.# #####.#<..##### #.#
#.# #.#.......# #.# ###.#
#.#..####.## #.# ....#
#.#.####...###.# .####
#.#........†...# ##
#.#.####...##### #.#B##
##.## #...g##
#.##########
######.....###.........†.
#####
#...#........############
....#####............# #
###.........#........# #
########.###.....#.#
##### #.# ##...##.# #....
###.# ######.# #.###


You could see a gnoll (contam).

Vanquished Creatures
  Grinder (D:4)
  2 black bears
  2 ogres (D:5)
  A centaur (D:4)
  A phantom (D:3)
  2 scorpions (D:5)
  2 jellies (D:5)
  Crazy Yiuf (D:3)
  4 hounds
  3 iguanas
  An orc wizard (D:5)
  A gnoll (D:6)
  An adder (D:4)
  A shadow imp (D:5)
  An ufetubus (D:5)
  2 worms
  2 dart slugs
  11 orcs
  7 ball pythons
  6 endoplasms
  A giant cockroach (D:1)
  10 hobgoblins
  2 jackals (D:1)
  5 kobolds
  5 quokkas
  4 bats
  3 frilled lizards
  7 goblins
  8 rats
97 creatures vanquished.

Notes
Turn   | Place    | Note
-------+----------+-------------------------------------------
     0 | D:1      | Hubris850 the Octopode Shapeshifter began the quest for the
                  | Orb.
     0 | D:1      | Reached XP level 1. HP: 13/13 MP: 1/1
   196 | D:1      | Reached XP level 2. HP: 15/18 MP: 2/2
   514 | D:1      | Reached XP level 3. HP: 23/23 MP: 3/3
  1975 | D:3      | Reached XP level 4. HP: 28/28 MP: 4/4
  2269 | D:3      | Found a hazy altar of Hepliaklqana.
  2356 | D:3      | Found a runed translucent door.
  2357 | D:3      | Noticed Crazy Yiuf
  2366 | D:3      | Killed Crazy Yiuf
  2583 | D:4      | Noticed a phantom
  2613 | D:3      | Killed a phantom
  2614 | D:3      | Reached skill level 1 in Short Blades
  2614 | D:3      | Reached skill level 4 in Unarmed Combat
  2614 | D:3      | Reached XP level 5. HP: 30/33 MP: 5/5
  2638 | D:4      | Found a white marble altar of Elyvilon.
  2781 | D:4      | Became a worshipper of Elyvilon the Healer
  2831 | D:4      | Noticed Grinder
  2843 | D:4      | Killed Grinder
  2844 | D:4      | Reached skill level 5 in Unarmed Combat
  2844 | D:4      | Reached XP level 6. HP: 38/38 MP: 6/6
  2882 | D:4      | Reached XP level 7. HP: 27/43 MP: 7/7
  3039 | D:4      | Reached skill level 5 in Shapeshifting
  3141 | D:4      | Reached skill level 6 in Unarmed Combat
  3199 | D:4      | Reached * piety under Elyvilon
  3317 | D:4      | Found a glowing golden altar of the Shining One.
  3455 | D:5      | Entered Level 5 of the Dungeon
  3575 | D:5      | Found a staircase to the Ecumenical Temple.
  3773 | D:5      | Reached XP level 8. HP: 38/48 MP: 8/8
  3861 | D:5      | Reached skill level 7 in Unarmed Combat
  4331 | D:6      | Elyvilon protects you from harm!
  4334 | D:5      | Mangled by a gnoll

Illustrated notes

Levels and vault maps discovered:
D:1:      dpeg_arrival_circle_labyrinth_a, layout_rooms, kennysheep_doodads
D:2:      layout_loops_corners
D:3:      layout_basic, worldfamousw_hep_ancestral_shrine,
          uniq_crazy_yiuf_cottage
D:4:      layout_cave_pools, overflow_temple_1_default, kennysheep_diamond,
          minmay_fractal_squares_diagonal_5, uniq_grinder
D:5:      layout_loops_ring, minmay_temple_entry_drinking_statues
D:6:      layout_rooms, doesnt_xom_only_xom, mainiacjoe_overflow_alcove_2,
          makhleb_grotto_becter, uniq_maggie

Skill      XL: |  1  2  3  4  5  6  7  8 |
---------------+-------------------------+-----
Dodging        | 3 |  3.0
Short Blades   | 1 2 |  2.0
Unarmed Combat | 4 5 6 7 |  7.0
Shapeshifting  | 4 5 6 |  6.6
Fighting       | |  1.0

Action                     |  1- 3 |  4- 6 |  7- 9 || total
---------------------------+-------+-------+-------++-------
  Melee: Unarmed           |    15 |     7 |    84 ||   106
         Constrict         |    24 |     8 |    22 ||    54
         Tentacles         |    15 |    17 |    30 ||    62
         Dagger            |    54 |    33 |       ||    87
         Punch             |       |     1 |     1 ||     2
  Throw: Dart              |       |     8 |     4 ||    12
Ability: Begin Untransform |       |     1 |     1 ||     2
    Use: Potion            |       |     4 |       ||     4
         Scroll            |       |       |     8 ||     8
   Stab: Sleeping          |    12 |       |     1 ||    13
         Distracted        |     1 |       |       ||     1
 Armour: Skin              |     5 |     1 |     1 ||     7
  Dodge: Dodged            |    19 |    23 |    48 ||    90
   Form: Beast             |       |     1 |       ||     1
         Flux              |       |       |     1 ||     1

Table legend: (Time is in decaauts)
 A = Elapsed time spent in this place.
 B = Non-inter-level travel time spent in this place.
 C = Inter-level travel time spent in this place.
 D = Time resting spent in this place.
 E = Time spent auto-exploring this place.
 F = Levels seen in this place.
 G = Mean time per level.
                   A        B        C        D        E       F      G
               +--------+--------+--------+--------+--------+-----+--------+
         Total |   4289 |   4169 |    120 |    359 |   2697 |   6 |  714.8 |
       Dungeon |   4289 |   4169 |    120 |    359 |   2697 |   6 |  714.8 |
               +--------+--------+--------+--------+--------+-----+--------+

Top non-repeatable levels by time:
     D:3: 935 daAuts
     D:4: 922 daAuts
     D:2: 910 daAuts
     D:5: 862 daAuts
     D:1: 647 daAuts
     D:6: 11 daAuts
